 Dungeon Crawl Stone Soup version 0.21.1-1-g345015fe64 (webtiles) character file.

7142 Ikesh the Geomancer (level 11, -3/79 HPs)
             Began as a Formicid Earth Elementalist on Mar 4, 2018.
             Was an Elder of Vehumet.
             Slain by an ogre zombie (5 damage)
             ... on level 9 of the Dungeon.
             The game lasted 01:12:32 (8440 turns).

Ikesh the Geomancer (Formicid Earth Elementalist)   Turns: 8440, Time: 01:12:33

Health: -3/79      AC:  4    Str: 12    XL:     11   Next: 31%
Magic:  23/25      EV: 14    Int: 18    God:    Vehumet [****..]
Gold:   591        SH:  0    Dex: 12    Spells: 24/30 levels left

rFire    . . .     SeeInvis +   l - +0 short sword (curse)
rCold    + . .     Gourm    +   (no shield)
rNeg     . . .     Faith    .   x - +3 leather armour {rC+}
rPois    .         Spirit   .   (helmet unavailable)
rElec    .         Reflect  .   (no cloak)
rCorr    .         Harm     .   (no gloves)
MR       +....                  (no boots)
Stlth    ++........             I - amulet of the gourmand
HPRegen  0.23/turn              D - -2 ring of protection (curse)
MPRegen  0.19/turn              v - ring of see invisible

@: no status effects
A: permanent stasis, dig shafts and tunnels, four strong arms, antennae 3
a: Dig, Shaft Self, Renounce Religion


You were on level 9 of the Dungeon.
You worshipped Vehumet.
Vehumet was greatly pleased with you.
You were near starving.

You visited 3 branches of the dungeon, and saw 11 of its levels.
You also visited: Sewer.

You collected 591 gold pieces.

Inventory:

Hand Weapons
 k - a +0 blowgun
 l - a cursed +0 short sword (weapon)
 w - a +2 great sword
Missiles
 b - 284 stones (quivered)
 c - 35 poisoned needles
 h - 15 needles of confusion
 s - 11 needles of sleeping
 t - 10 tomahawks
 H - 4 poisoned tomahawks
Armour
 m - a +2 robe of fire resistance
 x - a +3 leather armour of cold resistance (worn)
Jewellery
 v - a ring of see invisible (right hand)
 D - a cursed -2 ring of protection (left hand)
 I - an amulet of the gourmand (around neck)
Wands
 a - a wand of polymorph (10)
 g - a wand of scattershot (12)
Scrolls
 q - 3 scrolls of fear
 y - a scroll of enchant weapon
 F - a scroll of magic mapping
Potions
 f - 2 potions of might
 j - 5 potions of curing
 n - 2 potions of invisibility
 o - a potion of brilliance
 p - a potion of magic
 r - 4 potions of flight
 z - 2 potions of mutation
 E - a potion of ambrosia
Books
 e - a book of Geomancy

   Spells                             Type                      Level
   a - Sandblast                      Earth                        1
   b - Passwall                       Transmutation/Earth          2
   c - Stone Arrow                    Conjuration/Earth            3
   d - Petrify                        Transmutation/Earth          4
   e - Lee's Rapid Deconstruction     Earth                        5
Comestibles
 d - 6 rations
 i - a chunk of flesh


   Skills:
 + Level 5.0 Fighting
 + Level 1.6 Short Blades
 + Level 4.8 Armour
 + Level 5.2 Dodging
 + Level 4.2 Stealth
   Level 5.3 Shields
 + Level 10.3 Spellcasting
   Level 3.8 Conjurations
   Level 1.1 Transmutations
 + Level 11.6 Earth Magic


You had 24 spell levels left.
You knew the following spells:

 Your Spells              Type           Power        Failure   Level  Hunger
a - Sandblast             Erth           ######       1%          1    None
b - Lee's Rapid Deconstr  Erth           ######....   1%          5    #####..


Dungeon Overview and Level Annotations

Branches:
Dungeon (8/15)             Temple (1/1) D:4            Lair (1/6) D:8
    Orc (0/2) D:9

Altars:
Ashenzari
Cheibriados
Dithmenos
Elyvilon
Fedhas
Gozag
Hepliaklqana
Kikubaaqudgha
Nemelex Xobeh
Okawaru
Qazlal
Ru
Sif Muna
Trog
Uskayaw
Vehumet
Wu Jian
Xom
Yredelemnul
Zin
The Shining One

Annotations:
D:2 Robin


Innate Abilities, Weirdness & Mutations

You cannot be hasted, slowed, berserked, paralysed or teleported.
You can dig through walls and to a lower floor.
Your four strong arms can wield two-handed weapons with a shield.
You have a pair of large antennae on your head. (SInv)


Message History

* * * LOW HITPOINT WARNING * * *
The five-headed hydra bites you!
* * * LOW HITPOINT WARNING * * *
The five-headed hydra bites you.
* * * LOW HITPOINT WARNING * * *
The five-headed hydra bites you.
* * * LOW HITPOINT WARNING * * *
A shaft appears beneath you!
You fall through a shaft!
The shaft crumbles and collapses.
A sky beast, 3 phantoms, 25 zombies and 5 skeletons come into view.
Found a scroll of identify and a scroll of blinking.
Found a staircase to the Orcish Mines.
Are you sure you want to shaft yourself?
You are feeling very hungry.
The hungry ghost hits you.
You are near starving!
You begin to dig a shaft.
You continue digging a shaft.
The ogre zombie hits you.
You die... .....# ....# ####...#### #ZZ..8...Z# #ZZ..ZZZZZ#

#....Z....#
.#.........##
.......@....#
...Z.ZZW.Z..#
..8Z.Z>WWZ8..#
...Z.ZZ..Z...#
.......?.Z.....
.#.........#?..
#....Z.YZ.#...
#ZZ.Z.Z..Z# ##


You could see a phantom, 2 hungry ghosts, a sky beast, 2 goblin zombies, 17 orc
zombies, 5 ogre zombies, a two-headed ogre zombie, an adder skeleton (dormant),
a goblin skeleton (dormant) and 3 orc skeletons.

Vanquished Creatures
  Erica (D:8)
  A gargoyle (D:8)
  3 slime creatures (D:6)
  Prince Ribbit (D:5)
  Sigmund (D:4)
  3 yaks (Lair:1)
  A human (D:8)
  Eustachio (D:4)
  A hungry ghost (D:7)
  Menkaure (D:4)
  3 wargs (D:8)
  A porcupine (Lair:1)
  Duvessa (D:5)
  An orc warrior (D:6)
  2 sky beasts (D:8)
  3 ice beasts
  A black bear (D:7)
  4 ogres
  A centaur (D:7)
  A crocodile (Sewer)
  10 big kobolds
  2 bullfrogs (D:7)
  Dowan (D:5)
  A scorpion (D:8)
  8 wights
  2 crimson imps
  A centaur zombie (D:5)
  4 hounds
  5 jellies (D:6)
  3 bullfrog skeletons
  Natasha (twice) (D:3)
  6 orc wizards
  Ijyb (D:5)
  9 worker ants
  2 hound skeletons (D:6)
  5 gnolls (D:5)
  A river rat (D:5)
  11 adders
  2 shadow imps
  3 oozes (D:6)
  2 adder zombies
  6 leopard geckos
  21 orcs
  7 giant cockroaches
  9 goblins
  7 hobgoblins
  3 jackals (D:4)
  63 kobolds
  2 quokkas
  14 bats
  3 frilled lizards
  A jackal skeleton (D:3)
  5 rats
254 creatures vanquished.

Vanquished Creatures (others)
  5 fungi (D:6)
  5 toadstools (D:6)
10 creatures vanquished.

Grand Total: 264 creatures vanquished

Notes
Turn   | Place    | Note
-------+----------+-------------------------------------------
     0 | D:1      | Ikesh the Formicid Earth Elementalist began the quest for the Orb.
     0 | D:1      | Reached XP level 1. HP: 13/13 MP: 3/3
    51 | D:1      | Reached skill level 4 in Earth Magic
    51 | D:1      | Reached XP level 2. HP: 14/19 MP: 0/5
   704 | D:1      | Reached XP level 3. HP: 22/24 MP: 7/7
   991 | D:2      | Reached XP level 4. HP: 23/30 MP: 5/8
  1014 | D:2      | Noticed Robin
  1032 | D:2      | You fall through a shaft!
  1390 | D:3      | Reached XP level 5. HP: 34/35 MP: 3/10
  1665 | D:3      | Noticed Natasha
  1775 | D:3      | Killed Natasha
  1775 | D:3      | Reached skill level 1 in Short Blades
  1852 | D:3      | Reached skill level 5 in Shields
  1852 | D:3      | Reached skill level 7 in Earth Magic
  1852 | D:3      | Reached XP level 6. HP: 50/50 MP: 11/15
  1984 | D:3      | Noticed Natasha
  2051 | D:3      | Killed Natasha
  2174 | D:4      | Noticed Sigmund
  2181 | D:4      | Killed Sigmund
  2181 | D:4      | Reached XP level 7. HP: 43/55 MP: 9/16
  2235 | D:4      | Noticed Menkaure
  2674 | D:4      | Reached XP level 8. HP: 61/61 MP: 14/17
  2695 | D:4      | Found a staircase to the Ecumenical Temple.
  2706 | Temple   | Entered the Ecumenical Temple
  2802 | Temple   | Became a worshipper of Vehumet
  2883 | D:4      | Learned a level 5 spell: Lee's Rapid Deconstruction
  2991 | D:4      | Noticed Eustachio
  3002 | D:4      | Killed Eustachio
  3002 | D:4      | Reached skill level 5 in Dodging
  3117 | D:5      | Entered Level 5 of the Dungeon
  3124 | D:5      | Noticed Ijyb
  3129 | D:5      | Killed Ijyb
  3204 | D:5      | Found a glowing drain.
  3238 | Sewer    | Entered a sewer
  3312 | Sewer    | Reached skill level 8 in Earth Magic
  3451 | D:5      | Noticed Dowan
  3452 | D:5      | Killed Dowan
  3453 | D:5      | Noticed Duvessa
  3457 | D:5      | You fall through a shaft!
  3629 | D:6      | Reached * piety under Vehumet
  3629 | D:6      | Offered knowledge of Magic Dart by Vehumet.
  3887 | D:5      | Killed Duvessa
  3887 | D:5      | Reached XP level 9. HP: 67/67 MP: 1/19
  4082 | D:5      | Noticed Prince Ribbit
  4257 | D:5      | Found a stormy altar of Qazlal.
  4756 | D:5      | Reached ** piety under Vehumet
  4756 | D:5      | Offered knowledge of Freeze by Vehumet.
  4994 | D:5      | Offered knowledge of Throw Flame by Vehumet.
  5001 | D:5      | Reached skill level 9 in Earth Magic
  5151 | D:5      | Killed Prince Ribbit
  5279 | D:4      | Killed Menkaure
  5594 | D:6      | Reached *** piety under Vehumet
  5923 | D:6      | Reached skill level 5 in Fighting
  6107 | D:6      | Reached XP level 10. HP: 74/74 MP: 20/22
  6226 | D:6      | Reached skill level 10 in Earth Magic
  6260 | D:6      | Offered knowledge of Static Discharge by Vehumet.
  6265 | D:6      | Learned a level 3 spell: Static Discharge
  6792 | D:7      | Found a shattered altar of Ashenzari.
  6823 | D:7      | Found a glowing golden altar of the Shining One.
  7182 | D:7      | Reached **** piety under Vehumet
  7417 | D:8      | Offered knowledge of Iskenderun's Mystic Blast by Vehumet.
  7545 | D:8      | Noticed a gargoyle
  7551 | D:8      | Killed a gargoyle
  7880 | D:8      | Found a faded altar of an unknown god.
  7880 | D:8      | Found a faded altar of an unknown god.
  7887 | D:8      | Found a shadowy altar of Dithmenos.
  7889 | D:8      | Found a basalt altar of Yredelemnul.
  7890 | D:8      | Found a hazy altar of Hepliaklqana.
  8011 | D:8      | Found a stormy altar of Qazlal.
  8059 | D:8      | Reached XP level 11. HP: 73/79 MP: 22/24
  8108 | D:8      | Reached skill level 10 in Spellcasting
  8126 | D:8      | Found a staircase to the Lair.
  8127 | D:8      | Noticed Erica
  8140 | D:8      | Killed Erica
  8140 | D:8      | Reached skill level 11 in Earth Magic
  8403 | Lair:1   | Entered Level 1 of the Lair of Beasts
  8422 | Lair:1   | Noticed a five-headed hydra
  8437 | D:8      | HP: 2/79 [five-headed hydra (4)]
  8438 | D:8      | You fall through a shaft!
  8438 | D:9      | Found a staircase to the Orcish Mines.
  8440 | D:9      | Slain by an ogre zombie

Skill      XL: |  1  2  3  4  5  6  7  8  9 10 11 |
---------------+----------------------------------+-----
Earth Magic    | 4 7 8 9 10 11 | 11.6
Dodging        | 2 4 5 |  5.2
Spellcasting   | 3 6 7 8 9 10 | 10.3
Short Blades   | 1 |  1.6
Stealth        | 3 4 |  4.2
Fighting       | 4 5 |  5.0
Armour         | 4 |  4.8
Shields        | 5 |  5.3
Conjurations   | 3 |  3.8
Transmutations | |  1.1

Action                   |  1- 3 |  4- 6 |  7- 9 | 10-12 || total
-------------------------+-------+-------+-------+-------++-------
Melee: Unarmed           |    13 |       |       |       ||    13
       Short sword       |    41 |    60 |    51 |    12 ||   164
 Cast: Sandblast         |    23 |    38 |   161 |   116 ||   338
       Lee's Rapid Decon |       |       |    24 |    16 ||    40
 Abil: Dig               |     2 |       |     4 |     3 ||     9
       Shaft Self        |       |     1 |     1 |     2 ||     4
  Use: Scroll            |       |     8 |     4 |    11 ||    23
       Potion            |       |     3 |       |       ||     3
 Stab: Sleeping          |     4 |     3 |     3 |       ||    10
  Eat: Chunk             |     1 |     4 |    12 |     4 ||    21
       Ration            |       |       |     2 |     2 ||     4
Armor: Robe              |    26 |    21 |    13 |       ||    60
       Plate armour      |       |    43 |       |       ||    43
       Leather armour    |       |     1 |    34 |     6 ||    41
Dodge: Dodged            |    59 |    54 |   158 |    35 ||   306
